 Dungeon Crawl Stone Soup version 0.27.1-15-g792fb953b9 (webtiles) character file.

Game seed: 16530709759228200828

3077 adizb the Cleaver (level 9, -1/86 HPs)
             Began as a Deep Dwarf Berserker on Nov 19, 2021.
             Was a Priest of Trog.
             Slain by a boulder beetle (46 damage)
             ... on level 6 of the Dungeon.
             The game lasted 00:25:42 (3977 turns).

adizb the Cleaver (Deep Dwarf Berserker)            Turns: 3977, Time: 00:25:43

Health: -1/86      AC: 14    Str: 24    XL:     9   Next: 58%
Magic:  7/7        EV: 10    Int:  8    God:    Trog [***...]
Gold:   306        SH:  0    Dex: 12    Spells: 8/8 levels left

rFire    . . .     SeeInvis .   v - +2 hand axe (vorpal)
rCold    . . .     Faith    +   (no shield)
rNeg     + . .     Spirit   .   k - +0 chain mail
rPois    .         Reflect  .   (no helmet)
rElec    .         Harm     .   (no cloak)
rCorr    .         Rampage  .   (no gloves)
Will     +++..                  (no boots)
Stlth    ..........             f - amulet of faith
HPRegen  1.00/turn              b - +4 ring of protection
MPRegen  0.10/turn              p - ring of positive energy

@: strong-willed, on berserk cooldown, regenerating, slowed, very slow
A: damage resistance, heal wounds, sense surroundings 2, no regeneration
a: Heal Wounds, Renounce Religion, Berserk, Trog's Hand


You were on level 6 of the Dungeon.
You worshipped Trog.
Trog was most pleased with you.
You visited 1 branch of the dungeon, and saw 8 of its levels.

You collected 306 gold pieces.

Inventory:

Hand Weapons
 a - a +0 hand axe
 e - a +0 war axe
 v - a +2 vorpal hand axe (weapon)
Armour
 d - a +0 ring mail
 k - a +0 chain mail (worn)
Jewellery
 b - a +4 ring of protection (left hand)
 f - an amulet of faith (around neck)
 p - a ring of positive energy (right hand)
 u - a ring of magical power
 w - a +6 ring of strength
Wands
 r - a wand of polymorph (8)
 z - a wand of digging (8)
Scrolls
 g - 2 scrolls of identify {unknown}
 h - 2 scrolls of fog {unknown}
 i - a scroll of teleportation
 j - 2 scrolls of acquirement {unknown}
 n - a scroll of vulnerability {unknown}
 q - a scroll of noise {unknown}
 t - a scroll of holy word {unknown}
 x - a scroll of magic mapping {unknown}
 y - a scroll of blinking
Potions
 c - 3 potions of might {unknown}
 l - a potion of cancellation {unknown}
 m - a potion of haste
 o - a potion of curing
 s - a potion of invisibility {unknown}
 A - 2 potions of attraction {unknown}
 B - 2 potions of ambrosia {unknown}


   Skills:
 * Level 7.1 Fighting
 * Level 8.6 Axes
 + Level 6.0 Armour
 + Level 5.9 Dodging
 + Level 5.3 Shields


You had 8 spell levels left.
You didn't know any spells.
Your spell library was empty.

Dungeon Overview and Level Annotations

Branches:
Dungeon (8/15)
 Temple: D:4-7         Lair: D:8-11

Altars:
Gozag

Shops:
D:1 =   D:8 (


Innate Abilities, Weirdness & Mutations

You are resistant to damage.
You can heal yourself by infusing magical energy.
You passively map the area around you.
You do not regenerate.


Message History

You hit the boulder beetle.
The boulder beetle is heavily wounded.
You hit the boulder beetle but do no damage.
The boulder beetle is heavily wounded.
You feel the effects of Trog's Hand fading.
The boulder beetle waves its antennae.
The boulder beetle bites you!
You hit the boulder beetle.
The boulder beetle is heavily wounded.
The boulder beetle bites you but does no damage.
You hit the boulder beetle.
The boulder beetle is heavily wounded.
Your chain mail prevents you from hitting the boulder beetle.
The boulder beetle is heavily wounded.
The boulder beetle misses you.
You hit the boulder beetle.
The boulder beetle is severely wounded.
You slash the boulder beetle!
The boulder beetle is severely wounded.
The boulder beetle bites you!!
You hit the boulder beetle.
The boulder beetle is almost dead.
The boulder beetle bites you!
* * * LOW HITPOINT WARNING * * *
You hit the boulder beetle.
The boulder beetle is almost dead.
You barely miss the boulder beetle.
The boulder beetle is almost dead.
Your skin stops crawling.
You feel less strong-willed.
The boulder beetle leaps!
You feel a strong urge to attack something.
You are no longer berserk.
You are exhausted.
You feel yourself slow down.
The boulder beetle curls into a ball and begins rolling!
Your skin crawls.
You feel strong-willed.
You feel much better. The boulder beetle hits you!!!
Ouch! That really hurt!
You die...

.#.......#.........#.... ,
*...........##..#...#.... *.
##......#...#........... #.,,
#.......##..#..#..###.))
#..###..............##..#..).
........°°........####.....#.
, .#......°...#....####..#.##
* ,#.......B..#.....###.####
*#..........@.#....###...####
*.....##........#...##.......#
#... ###..#.................
### #.......###..####.....
##...#...##.###.#.....
##.###.##..##........
#####....###........ #.....#
##.#..... ##....# ####...#


You could see a boulder beetle (rolling).

Vanquished Creatures
  A two-headed ogre (D:5)
  A hornet (D:7)
  Sigmund (D:5)
  Edmund (D:5)
  2 ice beasts
  3 black bears
  An ogre (D:7)
  A centaur (D:5)
  2 phantoms
  Blork the orc (D:5)
  A bullfrog (D:7)
  2 scorpions (D:4)
  A wyvern skeleton (D:7)
  A water moccasin skeleton (D:5)
  A bullfrog zombie (D:5)
  An orc priest (D:7)
  3 hounds
  A jelly (D:5)
  A gnoll shaman (D:6)
  A bullfrog skeleton (D:5)
  Jessica (D:2)
  5 iguanas
  3 orc wizards (D:7)
  Robin (D:2)
  9 adders
  10 gnolls
  A howler monkey skeleton (D:5)
  A shadow imp (D:7)
  A white imp (D:6)
  An adder skeleton (D:5)
  An adder zombie (D:5)
  2 dart slugs
  A worm (D:2)
  9 orcs
  9 ball pythons
  2 bats
  9 endoplasms
  3 giant cockroaches (D:1)
  14 goblins
  12 hobgoblins
  8 jackals (D:1)
  4 quokkas
  2 frilled lizards
  3 kobolds
  4 rats
143 creatures vanquished.

Notes
Turn   | Place    | Note
-------+----------+-------------------------------------------
     0 | D:1      | adizb the Deep Dwarf Berserker began the quest for the Orb.
     0 | D:1      | Reached XP level 1. HP: 20/20 MP: 1/1
    72 | D:1      | Reached XP level 2. HP: 21/27 MP: 2/2
    88 | D:1      | Found a faded altar of an unknown god.
   383 | D:1      | Found Log Reli's Jewellery Boutique.
   471 | D:1      | Reached XP level 3. HP: 18/34 MP: 3/3
   482 | D:1      | Reached ** piety under Trog
   605 | D:1      | Reached skill level 1 in Shields
   743 | D:2      | Reached skill level 4 in Axes
   781 | D:2      | Noticed Jessica
   784 | D:2      | Reached XP level 4. HP: 42/42 MP: 4/4
   788 | D:2      | Killed Jessica
   888 | D:2      | Noticed Robin
   904 | D:2      | Killed Robin
  1084 | D:2      | Found an opulent altar of Gozag.
  1176 | D:3      | Reached *** piety under Trog
  1177 | D:3      | Reached XP level 5. HP: 39/49 MP: 5/5
  1292 | D:3      | HP: 2/49 [gnoll (6)]
  1320 | D:3      | HP: 2/50 [gnoll (6)]
  1958 | D:4      | Reached XP level 6. HP: 57/57 MP: 5/5
  2117 | D:4      | Noticed an ice beast
  2135 | D:4      | Killed an ice beast
  2136 | D:4      | Reached skill level 5 in Axes
  2374 | D:4      | Reached XP level 7. HP: 62/66 MP: 6/6
  2530 | D:5      | Entered Level 5 of the Dungeon
  2547 | D:5      | Noticed a two-headed ogre
  2568 | D:5      | Killed a two-headed ogre
  2569 | D:5      | Reached skill level 5 in Fighting
  2569 | D:5      | Reached skill level 6 in Axes
  2569 | D:5      | Reached XP level 8. HP: 45/75 MP: 7/7
  2641 | D:5      | Identified the +6 whip "Dwarf's Regret" {vorpal, SInv}
  2719 | D:5      | Reached skill level 7 in Axes
  2845 | D:5      | Noticed Edmund
  2866 | D:5      | Killed Edmund
  2887 | D:5      | Reached skill level 5 in Dodging
  2999 | D:5      | Noticed Sigmund
  3007 | D:5      | Killed Sigmund
  3008 | D:5      | Reached skill level 5 in Armour
  3132 | D:5      | Noticed Blork the orc
  3138 | D:5      | Killed Blork the orc
  3139 | D:5      | Gained mutation: You passively map the area around you.
                  | [Deep Dwarf growth]
  3139 | D:5      | Reached XP level 9. HP: 79/82 MP: 8/8
  3154 | D:5      | You fall into a shaft and drop 3 floors!
  3167 | D:8      | Found Ahog's Antique Weapon Boutique.
  3289 | D:7      | Paralysed by a hornet for 1 turns
  3295 | D:7      | Paralysed by a hornet for 1 turns
  3301 | D:7      | Reached skill level 8 in Axes
  3360 | D:7      | Reached skill level 5 in Shields
  3651 | D:6      | Noticed a boulder beetle
  3977 | D:6      | Slain by a boulder beetle

Illustrated notes

Levels and vault maps discovered:
D:1:      psy_arrival_whirlpool, layout_basic, serial_shops,
          nicolae_lakefront_shop, dreamdust_ecumenical_altar_angels_and_demons
D:2:      layout_basic, basic_altar, uniq_jessica, uniq_robin
D:3:      layout_loops_ring
D:4:      layout_gridville, minmay_misc_feat_enclosed
D:5:      layout_loops_ring, uniq_sigmund, uniq_blork_the_orc, uniq_edmund
D:6:      layout_cave_pools, lemuel_doored_altar
D:7:      layout_rooms, minmay_temple_entry_large_hall, st_stairs_10
D:8:      layout_basic, grunt_temple_overflow_open, serial_shops, shop

Skill      XL: |  1  2  3  4  5  6  7  8  9 |
---------------+----------------------------+-----
Fighting       | 3 4 5 6 7 |  7.1
Shields        | 1 2 3 4 5 |  5.3
Axes           | 4 5 6 7 8 |  8.6
Dodging        | 3 4 5 |  5.9
Armour         | 3 4 5 6 |  6.0

Action                   |  1- 3 |  4- 6 |  7- 9 || total
-------------------------+-------+-------+-------++-------
Melee: Hand axe          |   115 |     3 |   139 ||   257
       War axe           |       |   138 |   142 ||   280
Invok: Berserk           |     2 |     5 |     6 ||    13
       Trog's Hand       |     2 |     6 |    13 ||    21
 Abil: Heal Wounds       |     1 |     2 |     7 ||    10
  Use: Scroll            |       |     2 |       ||     2
Armor: Animal skin       |    16 |       |       ||    16
       Ring mail         |    18 |    18 |       ||    36
       Chain mail        |       |    34 |   148 ||   182
Dodge: Dodged            |    91 |   101 |   137 ||   329
